 Dungeon Crawl Stone Soup version 0.31-a0-819-gf6de2f5ab6 (webtiles) character file.

Game seed: 15261862225023708656

144 qw the Shooter (level 5, -5/32 HPs)
             Began as a Gargoyle Hunter on Sept 23, 2023.
             Slain by a komodo dragon (shapeshifter) (19 damage)
             ... on level 3 of the Dungeon.
             The game lasted 00:00:54 (1584 turns).

qw the Shooter (Gargoyle Hunter)                    Turns: 1584, Time: 00:00:55

Health: -5/32      AC: 12    Str: 14    XL:     5   Next: 26%
Magic:  5/5        EV: 10    Int: 10    God:
Gold:   178        SH:  0    Dex: 15    Spells: 4/4 levels left

rFire   . . .        Y - +0 shortbow (chaos)
rCold   . . .        (shield currently unavailable)
rNeg    + . .        d - +0 ring mail
rPois   inf          c - +2 helmet
rElec   +            (no cloak)
rCorr   .            (no gloves)
SInv    .            (no boots)
Will    .....        (no amulet)
Stlth   +            (no ring)
HPRegen 0.25/turn    (no ring)
MPRegen 0.09/turn

%: no passive effects
@: no status effects
A: sickness immunity, AC +4, negative energy resistance 1, electricity
resistance, torment resistance 1, petrification resistance
a: no special abilities


You were on level 3 of the Dungeon.
You visited 1 branch of the dungeon, and saw 3 of its levels.

You collected 178 gold pieces.


Innate Abilities, Weirdness & Mutations

You are immune to sickness and miasma.
Your stone body is resilient. (AC +4)
You are immune to poison.
You resist negative energy. (rN+)
You are resistant to electric shocks. (rElec)
You are resistant to unholy torment.
You are immune to petrification.


   Skills:
 - Level 3.0 Fighting
 + Level 5.9 Ranged Weapons
 - Level 1.0 Armour
 - Level 1.5 Dodging
 - Level 1.1 Stealth


You had 4 spell levels left.
You didn't know any spells.
Your spell library was empty.

Inventory:

Hand Weapons
 Y - a +0 shortbow of chaos (weapon)
Armour
 c - a +2 helmet (worn)
 d - a +0 ring mail (worn)
Scrolls
 b - a scroll of enchant armour {unknown}
 h - a scroll of noise {unknown}
 j - a scroll of amnesia {unknown}
Potions
 a - a potion of lignification {unknown}
 e - a potion of mutation {unknown}
 f - 3 potions of ambrosia {unknown}
 g - a potion of curing {unknown}
 i - 2 potions of enlightenment {unknown}

Dungeon Overview and Level Annotations

Branches:
Dungeon (3/15)

Altars:


Message History

Something hits you but does no damage.
You hear some strange, mumbled words.
Something tries to affect you, but you resist.
You shoot an arrow. Something hits you but does no damage.
You shoot an arrow.
You hear some strange, mumbled words.
You are confused.
You shoot an arrow. Something hits you.
You shoot an arrow. Something hits you but does no damage.
You shoot an arrow.
Something hits you but does no damage. x2
You shoot an arrow. Something hits you.
You shoot an arrow.
You feel less confused. Something hits you.
You shoot an arrow.
Something hits you but does no damage. x2
You shoot an arrow. Something hits you. x2
You shoot an arrow.
An orc wizard appears from thin air!
Reactivating autopickup.
The orc wizard barely misses you. The orc wizard closely misses you.
You shoot an arrow. The arrow hits the orc wizard.
The arrow burns the orc wizard.
The orc wizard is heavily wounded.
The orc wizard hits you but does no damage.
You shoot an arrow. The arrow hits the orc wizard.
The orc wizard changes into a shapeshifter!
The shapeshifter is lightly wounded.
The shapeshifter changes into a komodo dragon!
You shoot an arrow. The arrow hits the komodo dragon.
The komodo dragon is lightly wounded.
The komodo dragon bites you!!
Ouch! That really hurt!
You die...

#.# #.# #.# #.# #)#
.###. #.# .#.. #l#
##.#.# #@# #....#
#######.# #.#..#
#....##)####....#
#.>.............#
#.....#......#..#
#.....######....#
#.....# #.#..#
#.....######.#..########
#................)......


You could see a komodo dragon shaped shifter.

Vanquished Creatures
  An orc priest (D:3)
  4 adders
  A worm (D:3)
  4 orcs (D:3)
  5 ball pythons
  8 endoplasms
  5 giant cockroaches
  4 goblins
  5 hobgoblins
  4 jackals (D:2)
  10 kobolds
  5 quokkas
  3 bats (D:1)
  2 frilled lizards (D:1)
  5 rats
66 creatures vanquished.

Notes
Turn   | Place    | Note
-------+----------+-------------------------------------------
     0 | D:1      | qw the Gargoyle Hunter began the quest for the Orb.
     0 | D:1      | Reached XP level 1. HP: 12/12 MP: 1/1
     0 | D:1      | 0 ||| qw: Version: 0.3-a-83-gcd0e7d8
     0 | D:1      | 0 ||| qw: Game counter: 1577
     0 | D:1      | 0 ||| qw: Melee chars always use a shield: true
     0 | D:1      | 0 ||| qw: God list: Okawaru
     0 | D:1      | 0 ||| qw: Allow faded altars: false
     0 | D:1      | 0 ||| qw: Do Orc after clearing Dungeon:15 true
     0 | D:1      | 0 ||| qw: Do second Lair branch before Depths: true
     0 | D:1      | 0 ||| qw: Lair rune preference: random
     0 | D:1      | 0 ||| qw: Goals: Normal
     0 | D:1      | 0 ||| PLANNING D:1-11
    43 | D:1      | Reached XP level 2. HP: 13/17 MP: 2/2
   199 | D:1      | Reached XP level 3. HP: 13/21 MP: 3/3
   243 | D:1      | Reached skill level 5 in Ranged Weapons
   531 | D:1      | 531 ||| UPGRADING to +0 ring mail.
   541 | D:1      | 541 ||| DROPPING +0 leather armour.
   542 | D:1      | 542 ||| READING scroll labelled JUBRASCHUMU.
   543 | D:1      | 543 ||| READING scroll labelled EROFRI LUPO.
   544 | D:1      | 544 ||| READING scroll labelled BIRIEKL HOFIU.
   545 | D:1      | 545 ||| DROPPING scroll of butterflies.
   659 | D:2      | Reached skill level 1 in Armour
   891 | D:2      | Reached XP level 4. HP: 27/27 MP: 4/4
   898 | D:2      | Reached skill level 3 in Fighting
  1139 | D:2      | 1139 ||| UPGRADING to +2 helmet.
  1144 | D:2      | 1144 ||| READING scroll labelled TAPE REDEOREONOG.
  1145 | D:2      | 1145 ||| READING scroll labelled FOUPAGA ICKE.
  1200 | D:3      | 1200 ||| RETREEAATING.
  1201 | D:3      | 1201 ||| STILL RETREEAATING.
  1205 | D:3      | 1205 ||| Stepping ~*~*~tactically~*~*~ (retreating).
  1206 | D:3      | HP: 7/28 [orc/+0 flail (1)]
  1212 | D:3      | HP: 5/28 [quokka (4)]
  1354 | D:3      | Reached XP level 5. HP: 32/32 MP: 5/5
  1583 | D:3      | an orc wizard changed into a shapeshifter
  1583 | D:3      | Noticed a shapeshifter (shapeshifter)
  1583 | D:3      | a shapeshifter changed into a komodo dragon
  1583 | D:3      | Noticed a komodo dragon (shapeshifter)
  1584 | D:3      | Slain by a komodo dragon (shapeshifter)

Levels and vault maps discovered:
D:1:      dpeg_arrival_court, layout_rooms, serial_forest,
          infiniplex_forest_clump_diagonal, infiniplex_forest_lined_3,
          infiniplex_forest_lined_room_3, infiniplex_forest_lined_3_way,
          infiniplex_forest_end_2, infiniplex_forest_clump_C
D:2:      layout_loops_cross
D:3:      layout_basic, lemuel_tele_altar

Skill      XL: |  1  2  3  4 |
---------------+-------------+-----
Ranged Weapons | 5 |  5.9
Armour         | 1 |  1.0
Fighting       | 3 |  3.0
Dodging        | |  1.5
Stealth        | |  1.1

Action                     |  1- 3 |  4- 6 || total
---------------------------+-------+-------++-------
   Fire: Shortbow          |   130 |   109 ||   239
    Use: Scroll            |     3 |     2 ||     5
 Armour: Leather armour    |    20 |       ||    20
         Ring mail         |    30 |    53 ||    83
  Dodge: Dodged            |    36 |    22 ||    58

Table legend:
 A = Non-vault XP
 B = Vault XP
 C = Vault XP percentage of total XP
 D = Non-vault monster count
 E = Vault monster count
 F = Vault count percentage of total count
                 A         B        C        D         E       F
            +---------+---------+-------+---------+---------+-------
      Total |     206 |       0 |   0.0 |      66 |       0 |   0.0
            +---------+---------+-------+---------+---------+-------
        D:1 |      44 |       0 |   0.0 |      28 |       0 |   0.0
        D:2 |      57 |       0 |   0.0 |      18 |       0 |   0.0
        D:3 |     105 |       0 |   0.0 |      20 |       0 |   0.0
            +---------+---------+-------+---------+---------+-------
